 Dungeon Crawl Stone Soup version 0.30.1-4-g462c640d31 (webtiles) character file.

Game seed: 8812892804455766278

160 lonewolfV2 the Covered (level 5, -2/61 HPs)
             Began as a Demonspawn Fighter on Aug 25, 2023.
             Succumbed to a hornet's poison
             ... on level 3 of the Dungeon.
             The game lasted 00:04:29 (3789 turns).

lonewolfV2 the Covered (Demonspawn Fighter)         Turns: 3789, Time: 00:04:29

Health: -2/61      AC:  7    Str: 25    XL:     5   Next: 17%
Magic:  5/5        EV:  9    Int:  9    God:
Gold:   206        SH:  4    Dex: 12    Spells: 4/4 levels left

rFire   . . .        a - +1 war axe
rCold   . . .        c - +0 buckler
rNeg    . . .        b - +0 scale mail
rPois   .            (no helmet)
rElec   .            (no cloak)
rCorr   .            (no gloves)
SInv    .            (no boots)
Will    .....        (no amulet) Stlth
                     o - +6 ring of strength
HPRegen 0.30/turn    (no ring)
MPRegen 0.09/turn

%: no passive effects
@: berserking, lethally poisoned (-2 -> -12), slowed
A: foul stench 2, demonic magic 2
a: no special abilities


You were on level 3 of the Dungeon.
You visited 1 branch of the dungeon, and saw 4 of its levels.

You collected 206 gold pieces.

Inventory:

Hand Weapons
 a - a +1 war axe (weapon)
Armour
 b - a +0 scale mail (worn)
 c - a +0 buckler (worn)
Jewellery
 o - a +6 ring of strength (left hand)
Scrolls
 e - a scroll of fog
 f - 2 scrolls of torment
 h - 2 scrolls of magic mapping
 j - a scroll of teleportation {unknown}
 l - a scroll of acquirement {unknown}
Potions
 d - a potion of might
 g - 3 potions of flight
 i - 3 potions of brilliance
 m - a potion of magic
 n - a potion of mutation


   Skills:
 + Level 3.5 Fighting
 + Level 3.0 Axes
 + Level 3.9 Armour
 + Level 0.6 Dodging
 + Level 0.1 Stealth
 + Level 3.2 Shields


You had 4 spell levels left.
You didn't know any spells.
Your spell library contained the following spells:

 Spells                   Type           Power      Damage    Failure   Level
 Freeze                   Ice            0%         1d3       75%         1
 Necrotise                Necr           0%         1d4       75%         1
 Dazzling Flash           Conj/Hex       0%         N/A       98%         3
 Frozen Ramparts          Ice            0%         1d1       98%         3
 Hailstorm                Conj/Ice       0%         3d3       98%         3
 Vampiric Draining        Necr           0%         2d6       98%         3
 Volatile Blastmotes      Fire/Tloc      0%         2d10      98%         3
 Iskenderun's Mystic Bla  Conj/Tloc      0%         2d3       100%        4
 Agony                    Necr           0%         N/A       100%        5
 Starburst                Conj/Fire      0%         6d3       100%        6


Dungeon Overview and Level Annotations

Branches:
Dungeon (4/15)
 Temple: D:4-7

Altars:
Qazlal
Vehumet

Shops:
D:1 (


Innate Abilities, Weirdness & Mutations

You sometimes emit foul miasma when damaged in melee.
Spells you cast may paralyse nearby enemies.


Message History

A kobold comes into view. It is wielding a +0 whip.
There is a stone staircase leading up here.
You closely miss the jackal.
The jackal is heavily wounded.
You completely miss the jackal. You hit the kobold but do no damage.
You slash the hornet! The hornet closely misses you. The jackal bites you.
A jackal comes into view.
The hornet stings you!
You are poisoned.
You feel yourself slow down.
You emit a cloud of foul miasma!
The kobold hits you with a +0 whip.
The jackal bites you but does no damage. x2
The jackal barely misses you.
The hornet is engulfed in dark miasma.
The hornet is poisoned.
The hornet stings you.
You feel as though you will be slow longer.
You feel very sick.
The jackal barks!
The jackal barely misses you. The jackal bites you.
The jackal barely misses you.
The jackal bites you but does no damage.
The hornet is engulfed in dark miasma.
The hornet looks even sicker.
The hornet stings you!
* * * LOW HITPOINT WARNING * * *
You are lethally poisoned!
You feel as though you will be slow longer.
The kobold hits you but does no damage. The jackal bites you.
* * * LOW HITPOINT WARNING * * *
The jackal barely misses you. x2
The jackal bites you but does no damage.
The hornet is engulfed in dark miasma.
The hornet looks even sicker.
The hornet seems to slow down.
The hornet stings you but does no damage.
The kobold hits you but does no damage.
You climb upwards.
* * * LOW HITPOINT WARNING * * *
You feel extremely sick.
There is a stone staircase leading down here.
A red film seems to cover your vision as you go berserk!
You feel yourself moving faster!
You feel mighty!
You die...

#..# ##.# #.........
#..#########..#####.#.....
##..#.........##...........
#..##.........##.....≈≈..≈.
#..##........[#...≈§≈≈≈....
#####..............§§#≈##..
#......h..##...+≈§≈≈#..
#....hhy..##..≈≈≈⌠>≈≈≈.
#....h@K..##...≈≈_§§§≈.
#########.##.≈§#§≈≈§#≈.
#.##..§§#####≈.
#.##..§§≈≈..≈..
#.......≈.§.≈§.
###......§≈....
#.......§.... #............
#############


You could see a hornet (very poisoned, slow), 4 jackals and a kobold.

Vanquished Creatures
  2 orc wizards (D:3)
  2 adders (D:3)
  A worm (D:2)
  4 dart slugs
  6 orcs (D:3)
  3 bats
  2 endoplasms
  4 giant cockroaches
  6 goblins
  9 hobgoblins
  5 jackals
  6 kobolds
  4 quokkas
  7 ball pythons
  4 frilled lizards
  5 rats
70 creatures vanquished.

Notes
Turn   | Place    | Note
-------+----------+-------------------------------------------
     0 | D:1      | lonewolfV2 the Demonspawn Fighter began the quest for the
                  | Orb.
     0 | D:1      | Reached XP level 1. HP: 18/18 MP: 1/1
   210 | D:1      | Gained mutation: You may rarely emit foul miasma when
                  | damaged in melee. [demonic ancestry]
   210 | D:1      | Reached XP level 2. HP: 24/24 MP: 2/2
   328 | D:1      | Found Uskiodec's Weapon Emporium.
   426 | D:1      | Found a faded altar of an unknown god.
   939 | D:2      | Gained mutation: Spells you cast may paralyse adjacent
                  | enemies. [demonic ancestry]
   939 | D:2      | Reached XP level 3. HP: 29/29 MP: 3/3
  2354 | D:3      | Gained mutation: Spells you cast may paralyse nearby
                  | enemies. [demonic ancestry]
  2354 | D:3      | Reached XP level 4. HP: 9/35 MP: 4/4
  2773 | D:3      | Found a stormy altar of Qazlal.
  2899 | D:3      | Found a radiant altar of Vehumet.
  3401 | D:3      | Gained mutation: You sometimes emit foul miasma when
                  | damaged in melee. [demonic ancestry]
  3401 | D:3      | Reached XP level 5. HP: 15/41 MP: 5/5
  3780 | D:4      | Noticed a hornet
  3788 | D:3      | HP: 1/41 [poisoned by a hornet]
  3789 | D:3      | Succumbed to a hornet's poison

Illustrated notes

Levels and vault maps discovered:
D:1:      heliophobic_arrival_enchanted_forest, layout_basic,
          chequers_ecumenical_altar_island, serial_shops,
          nicolae_shop_rolling_square, minmay_indecisive_spiral
D:2:      layout_basic, item_on_display_a
D:3:      layout_rooms, fiery_altar_vehumet, nicolae_qazlal_general_emergency
D:4:      layout_cave_pools, kennysheep_mini_moat

Skill      XL: |  1  2  3  4  5 |
---------------+----------------+-----
Shields        | 3 |  3.2
Armour         | 3 |  3.9
Axes           | 2 3 |  3.0
Fighting       | |  3.5
Dodging        | |  0.6
Stealth        | |  0.1

Action                     |  1- 3 |  4- 6 || total
---------------------------+-------+-------++-------
  Melee: War axe           |   139 |    78 ||   217
    Use: Scroll            |    10 |     2 ||    12
         Potion            |       |     1 ||     1
 Armour: Scale mail        |    72 |    60 ||   132
  Dodge: Dodged            |    76 |    44 ||   120
  Block: Buckler           |    39 |    25 ||    64
